 Dungeon Crawl Stone Soup version 0.28-a0-1545-g945cd3f27e (webtiles) character file.

Game seed: 15798077856550876191

1442 BritishOli the Ducker (level 8, -1/62 HPs)
             Began as a Demonspawn Gladiator on Jan 18, 2022.
             Slain by a yak (3 damage)
             ... on level 8 of the Dungeon.
             The game lasted 00:03:15 (5449 turns).

BritishOli the Ducker (Demonspawn Gladiator)        Turns: 5449, Time: 00:03:16

Health: -1/62      AC:  7    Str: 20    XL:     8   Next: 46%
Magic:  8/8        EV: 18    Int: 11    God:
Gold:   285        SH:  0    Dex: 16    Spells: 7/7 levels left

rFire   . . .      SeeInvis .   a - +0 war axe
rCold   . . .      Faith    .   (no shield)
rNeg    + . .      Spirit   .   o - +1 leather armour of Midwinter {rPois rN+ Str+4 Int+2}
rPois   +          Reflect  .   c - +0 helmet
rElec   .          Harm     .   (no cloak)
rCorr   .          Rampage  .   (no gloves)
Will    .....                   (no boots)
Stlth   +.........              (no amulet)
HPRegen 0.20/turn               k - +4 ring of evasion
MPRegen 0.11/turn               (no ring)

@: no status effects
A: thin metallic scales 1, ignite blood 2, spiny 2
a: no special abilities


You were on level 8 of the Dungeon.
You visited 1 branch of the dungeon, and saw 8 of its levels.

You collected 285 gold pieces.

Inventory:

Hand Weapons
 a - a +0 war axe (weapon)
Missiles
 d - 4 throwing nets (quivered)
Armour
 b - a +0 leather armour
 c - a +0 helmet (worn)
 o - the +1 leather armour of Midwinter (worn) {rPois rN+ Str+4 Int+2}
   (You found it on level 3 of the Dungeon)

   Str:       It affects your strength (+4).
   Int:       It affects your intelligence (+2).
   rPois:     It protects you from poison.
   rN:        It protects you from negative energy.
Jewellery
 k - a +4 ring of evasion (left hand)
 p - a ring of fire
Wands
 u - a wand of polymorph (11)
 v - a wand of paralysis (7)
Scrolls
 e - a scroll of blinking {unknown}
 f - 2 scrolls of fear {unknown}
 g - 3 scrolls of magic mapping {unknown}
 i - 2 scrolls of fog {unknown}
 j - 3 scrolls of identify {unknown}
 m - a scroll of vulnerability {unknown}
 s - a scroll of teleportation {unknown}
Potions
 h - 3 potions of degeneration {unknown}
 l - 2 potions of curing {unknown}
 n - a potion of might {unknown}
 q - a potion of haste {unknown}
 r - a potion of heal wounds {unknown}
 t - a potion of mutation {unknown}


   Skills:
 + Level 5.0 Fighting
 + Level 5.0 Axes
 + Level 4.5 Throwing
 + Level 4.1 Armour
 + Level 5.0 Dodging


You had 7 spell levels left.
You didn't know any spells.
Your spell library contained the following spells:

 Spells                   Type           Power      Damage    Failure   Level
 Spider Form              Tmut/Pois      0%         N/A       77%         3
 Tukima's Dance           Hex            0%         N/A       77%         3
 Anguish                  Hex/Necr       0%         N/A       99%         4
 Animate Dead             Necr           0%         N/A       99%         4
 Eringya's Noxious Bog    Tmut/Pois      0%         N/A       100%        6
 Enfeeble                 Hex            0%         N/A       100%        7


Dungeon Overview and Level Annotations

Branches:
Dungeon (8/15)             Temple (0/1) D:7
   Lair: D:8-11

Altars:
Fedhas
Sif Muna
Uskayaw
Yredelemnul


Innate Abilities, Weirdness & Mutations

You are partially covered in thin metallic scales. (AC +2)
Your demonic aura often causes spilled blood to erupt in flames.
You are mostly covered in sharp spines.


Message History

You are too injured to fight recklessly!
Unknown command.
You closely miss the yak.
The yak is severely wounded.
You hit the yak but do no damage. x2; You hit the yak.
The yak is engulfed in blazing flames.
The yak is struck by your spines. The yak gores you!
* * * LOW HITPOINT WARNING * * *
The yak is struck by your spines. The yak completely misses you.
The yak is struck by your spines. The yak barely misses you.
The yak is engulfed in blazing flames.
The yak misses you.
The yak is engulfed in blazing flames.
You kill the yak!
The yak barely misses you. The yak closely misses you.
The yak is engulfed in blazing flames.
You kill the yak!
Your Fighting skill increases to level 5!
Your Axes skill increases to level 5!
Your Armour skill increases to level 4!
Your Dodging skill increases to level 5!
You hit the yak but do no damage.
The yak is lightly wounded.
You hit the yak. The yak gores you.
* * * LOW HITPOINT WARNING * * *
The yak gores you.
* * * LOW HITPOINT WARNING * * *
You hit the yak but do no damage.
The yak is lightly wounded.
You hit the yak but do no damage. The yak gores you.
* * * LOW HITPOINT WARNING * * *
The yak barely misses you.
Unknown command.
You barely miss the yak.
The yak is lightly wounded.
You hit the yak but do no damage. The yak gores you but does no damage.
The yak is struck by your spines. The yak completely misses you.
Unknown command.
You slash the yak!
The yak is moderately wounded.
You barely miss the yak. The yak is struck by your spines. The yak gores you.
You die...

.....###.......#
....####..##...#
....###)รท.##...##
.....#.)..###...#
...........##...#
###....)....#...##
#.<...).........#
#...............##
#.......####....@.#
.......##
##..YYo....#
.......#
##..[.....#
.......#
#..#......#
........
...##......
......... ...#
#....# .... #...#
....# ..##


You could see 2 yaks and an orc.

Vanquished Creatures
  4 yaks (D:8)
  A water moccasin (D:7)
  An ice beast (D:7)
  A black bear (D:5)
  A phantom (D:4)
  A bullfrog (D:8)
  A wyvern skeleton (D:7)
  A bullfrog zombie (D:7)
  A hound (D:5)
  Ijyb (D:4)
  Terence (D:3)
  An iguana (D:6)
  2 howler monkey zombies
  8 gnolls
  5 adders
  2 adder skeletons (D:4)
  A worm (D:3)
  4 dart slugs
  14 orcs
  2 ball pythons
  7 endoplasms
  3 giant cockroaches
  7 goblins
  9 hobgoblins
  3 jackals (D:4)
  A quokka (D:1)
  3 bats (D:2)
  4 frilled lizards
  4 kobolds
  2 rats
96 creatures vanquished.

Vanquished Creatures (others)
  2 withered plants (D:3)
2 creatures vanquished.

Grand Total: 98 creatures vanquished

Notes
Turn   | Place    | Note
-------+----------+-------------------------------------------
     0 | D:1      | BritishOli the Demonspawn Gladiator began the quest for the
                  | Orb.
     0 | D:1      | Reached XP level 1. HP: 16/16 MP: 1/1
   163 | D:1      | Gained mutation: Your demonic aura sometimes causes spilled
                  | blood to erupt in flames. [demonic ancestry]
   163 | D:1      | Reached XP level 2. HP: 22/22 MP: 2/2
   463 | D:1      | You fall into a shaft and drop 1 floor!
   476 | D:2      | Identified the +4 chain mail "Xefuulil" {Will+}
   633 | D:2      | Gained mutation: Your demonic aura often causes spilled
                  | blood to erupt in flames. [demonic ancestry]
   633 | D:2      | Reached XP level 3. HP: 28/28 MP: 3/3
   949 | D:2      | Reached skill level 1 in Armour
  1830 | D:3      | Found a blossoming altar of Fedhas.
  1866 | D:3      | Noticed Terence
  1871 | D:3      | Killed Terence
  1872 | D:3      | Reached XP level 4. HP: 26/34 MP: 4/4
  1957 | D:3      | Noticed an eye of devastation
  1958 | D:3      | Found a faded altar of an unknown god.
  1961 | D:3      | Noticed a golden eye
  1961 | D:3      | Noticed a shining eye
  1961 | D:3      | Noticed a shining eye
  2247 | D:3      | Found a basalt altar of Yredelemnul.
  2395 | D:3      | Identified the +1 leather armour of Midwinter {rPois rN+
                  | Str+4 Int+2}
  2818 | D:3      | Found a shimmering blue altar of Sif Muna.
  3002 | D:4      | Gained mutation: You are partially covered in sharp spines.
                  | [demonic ancestry]
  3002 | D:4      | Reached XP level 5. HP: 40/40 MP: 5/5
  3039 | D:4      | Noticed Ijyb
  3039 | D:4      | Paralysed by Ijyb for 3 turns
  3047 | D:4      | Paralysed by Ijyb for 2 turns
  3050 | D:4      | Killed Ijyb
  3192 | D:4      | Noticed a phantom
  3203 | D:4      | Killed a phantom
  3383 | D:4      | Identified the +6 dagger of the Ninety-Nine Teeth
                  | {antimagic, *Noise +Blink rN+++ Str+3}
  3394 | D:4      | Gained mutation: You are partially covered in thin metallic
                  | scales. (AC +2) [demonic ancestry]
  3394 | D:4      | Reached XP level 6. HP: 41/47 MP: 6/6
  3925 | D:5      | Entered Level 5 of the Dungeon
  4013 | D:5      | Got the Handbook of Contamination and Sinister Secrets
  4452 | D:6      | Found a hide-covered altar of Uskayaw.
  4903 | D:6      | Reached XP level 7. HP: 50/53 MP: 7/7
  4954 | D:7      | Found a staircase to the Ecumenical Temple.
  5096 | D:8      | Noticed a yak
  5108 | D:8      | HP: 2/54 [yak (8)]
  5109 | D:8      | Killed a yak
  5110 | D:8      | Gained mutation: You are mostly covered in sharp spines.
                  | [demonic ancestry]
  5110 | D:8      | Reached XP level 8. HP: 2/61 MP: 8/8
  5446 | D:8      | Reached skill level 5 in Fighting
  5446 | D:8      | Reached skill level 5 in Axes
  5446 | D:8      | Reached skill level 5 in Dodging
  5447 | D:8      | HP: 2/62 [yak (5)]
  5449 | D:8      | Slain by a yak

Illustrated notes

Levels and vault maps discovered:
D:1:      dpeg_arrival_concentric_ovals, layout_basic, minmay_cut_off
D:2:      layout_loops_ring
D:3:      layout_rooms, kennysheep_orc_sif_temple, yredelemnul_altar_generic,
          fedhas_altar_4, hellmonk_ecumenical_altar_watching_god,
          minmay_quantized, uniq_terence
D:4:      minmay_spotlight, layout_basic, uniq_ijyb
D:5:      layout_loops_corners, serial_glass, glass_columns_a, glass_columns_a,
          glass_columns_a, glass_columns_b
D:6:      layout_basic, trog_three_pillars_becter,
          nicolae_uskayaw_murder_on_the_dancefloor, elyvilon_altar_4
D:7:      layout_cave_pools, mainiacjoe_overflow_concentric_impassable,
          minmay_temple_entry_sparse_star, the_hattery
D:8:      layout_layer_cave, nicolae_overflow_crystal_walls, serial_ice,
          serial_ice_d, serial_ice_n, serial_ice_h, serial_ice_j, serial_ice_e,
          serial_ice_o, uniq_maurice

Skill      XL: |  1  2  3  4  5  6  7  8 |
---------------+-------------------------+-----
Throwing       | 2 3 4 |  4.5
Axes           | 3 4 5 |  5.0
Dodging        | 3 4 5 |  5.0
Armour         | 1 2 3 4 |  4.1
Fighting       | 3 4 5 |  5.0

Action                   |  1- 3 |  4- 6 |  7- 9 || total
-------------------------+-------+-------+-------++-------
Melee: War axe           |    71 |   143 |    43 ||   257
       Punch             |     2 |       |       ||     2
Armor: Leather armour    |    22 |    29 |     9 ||    60
Dodge: Dodged            |    52 |   100 |    41 ||   193

Table legend: (Time is in decaauts)
 A = Elapsed time spent in this place.
 B = Non-inter-level travel time spent in this place.
 C = Inter-level travel time spent in this place.
 D = Time resting spent in this place.
 E = Time spent auto-exploring this place.
 F = Levels seen in this place.
 G = Mean time per level.
                   A        B        C        D        E       F      G
               +--------+--------+--------+--------+--------+-----+--------+
         Total |   5537 |   5349 |    188 |      0 |   4684 |   8 |  692.1 |
       Dungeon |   5537 |   5349 |    188 |      0 |   4684 |   8 |  692.1 |
               +--------+--------+--------+--------+--------+-----+--------+

Top non-repeatable levels by time:
     D:3: 1110 daAuts
     D:4: 1049 daAuts
     D:1: 1002 daAuts
     D:2: 834 daAuts
     D:6: 521 daAuts
     D:5: 507 daAuts
     D:8: 374 daAuts
     D:7: 137 daAuts
